 Dungeon Crawl Stone Soup version 0.19-a0-1653-g922d709 (webtiles) character file.

484 bazzz the Digger (level 7, -2/36 HPs)
             Began as a Gargoyle Earth Elementalist on Sept 20, 2016.
             Slain by Duvessa
             ... wielding a +0 short sword
              (7 damage)
             ... on level 4 of the Dungeon.
             The game lasted 00:14:04 (4313 turns).

bazzz the Digger (Gargoyle Earth Elementalist)      Turns: 4313, Time: 00:14:05

Health: -2/36      AC:  9    Str: 21    XL:     7   Next: 12%
Magic:  3/14       EV: 12    Int: 17    God:
Gold:   147        SH:  0    Dex: 10    Spells: 4 memorised, 2 levels left

rFire  + . .     SeeInvis .     r - +2 falchion (slice)
rCold  . . .     Gourm    .     c - +1 robe
rNeg   + . .     Faith    .     (no shield)
rPois  ∞         Spirit   .     n - +1 helmet
rElec  +         Dismiss  .     (no cloak)
rCorr  .         Reflect  .     (no gloves)
MR     .....     Harm     .     (no boots)
Stlth  ++........               (no amulet)
                                t - ring of protection from fire
                                m - +4 ring of strength

@: mighty
A: negative energy resistance 1, electricity resistance, unbreathing,
petrification resistance, rot immunity, AC +4
a: no special abilities


You were on level 4 of the Dungeon.
You were hungry.

You visited 1 branch of the dungeon, and saw 4 of its levels.

You collected 147 gold pieces.

Inventory:

Hand Weapons
 h - a +0 dagger
 i - a +0 mace
 j - a cursed -2 club
 q - a +0 hand axe
 r - a +2 falchion of slicing (weapon)
Missiles
 b - 92 stones (quivered)
Armour
 c - a +1 robe (worn)
 n - a +1 helmet (worn)
Jewellery
 m - a +4 ring of strength (left hand)
 s - an uncursed ring of see invisible
 t - a ring of protection from fire (right hand)
Wands
 o - a wand of lightning (10/15)
Scrolls
 f - 8 scrolls of remove curse
Potions
 k - a potion of flight
Books
 e - a book of Geomancy

   Spells                             Type                      Level
   a - Sandblast                      Earth                        1
   b - Passwall                       Transmutation/Earth          2
   c - Stone Arrow                    Conjuration/Earth            3
   d - Petrify                        Transmutation/Earth          4
   e - Lee's Rapid Deconstruction     Earth                        5
 v - a book of Power

   Spells                             Type                      Level
   a - Fulminant Prism                Conjuration/Hexes            4
   b - Iskenderun's Mystic Blast      Conjuration                  4
   c - Venom Bolt                     Conjuration/Poison           5
   d - Bolt of Magma                  Conjuration/Fire/Earth       5
   e - Iron Shot                      Conjuration/Earth            6
   f - Orb of Destruction             Conjuration                  7
   g - Spellforged Servitor           Conjuration/Summoning        7
Comestibles
 a - 2 slices of pizza
 d - a bread ration
 g - 3 chunks of flesh
 l - a meat ration


   Skills:
 - Level 1.5 Dodging
 - Level 2.1 Stealth
 * Level 5.1 Spellcasting
 + Level 3.2 Conjurations
   Level 0.7 Transmutations
 + Level 5.7 Earth Magic


You had 2 spell levels left.
You knew the following spells:

 Your Spells              Type           Power        Failure   Level  Hunger
a - Sandblast             Erth           ###...       1%          1    None
b - Stone Arrow           Conj/Erth      ###...       10%         3    ###....
c - Lee's Rapid Deconstr  Erth           ###.......   38%         5    ######.
d - Bolt of Magma         Conj/Fire/Erth ##........   95%         5    ######.


Dungeon Overview and Level Annotations

Branches:
Dungeon (4/15)
 Temple: D:4-7

Altars:
Elyvilon
Uskayaw
Yredelemnul

Shops:
D:4 [

Annotations:
D:4 Dowan, Duvessa


Innate Abilities, Weirdness & Mutations

You are resistant to torment.
Your stone body is resilient. (AC +4)
You are immune to poison.
You resist negative energy. (rN+)
You are resistant to electric shocks. (rElec)
You can survive without breathing.
You are immune to petrification.
You are immune to rotting.


Message History

Duvessa hits you with a short sword!
* * * LOW HITPOINT WARNING * * *
Dowan hits you but does no damage.
Casting: Stone Arrow
Confirm with . or Enter, or press ? or * to list all spells.
You don't have enough magic to cast that spell.
Okay, then.
Okay, then.
Dowan gestures wildly while chanting.
Dowan blinks!
Duvessa hits you with a short sword.
* * * LOW HITPOINT WARNING * * *
Duvessa closely misses you.
Dowan mumbles some strange words.
Dowan blinks!
Your magical contamination has completely faded away.
Duvessa hits you with a short sword.
* * * LOW HITPOINT WARNING * * *
Duvessa hits you with a short sword!
You die...

#.## #..## ##..# ##.#
#.####### #.......#
##......# #..e...#
#...@..# #......# .
#### #......# . #..#
#.#.#.## ..#####.8#
#.#.#.##
#........####.#.#..##
...##.8.∩.8.#.#.##..#
.#.....#.##...#.###.#
........8....##..##.#


You could see Duvessa.

Vanquished Creatures
  Sigmund (D:2)
  2 orc priests (D:3)
  2 orc wizards (D:3)
  Terence (D:2)
  An iguana (D:4)
  6 adders
  2 oozes
  2 worms
  4 dart slugs
  A leopard gecko (D:1)
  15 orcs
  11 bats
  3 giant cockroaches
  6 goblins
  7 hobgoblins
  4 kobolds
  A quokka (D:3)
  2 ball pythons
  4 frilled lizards
  7 rats
82 creatures vanquished.

Notes
Turn   | Place    | Note
-------+----------+-------------------------------------------
     0 | D:1      | bazzz the Gargoyle Earth Elementalist began the quest for the Orb.
     0 | D:1      | Reached XP level 1. HP: 10/10 MP: 3/3
   308 | D:1      | Reached XP level 2. HP: 15/15 MP: 0/5
   922 | D:1      | Reached XP level 3. HP: 17/19 MP: 2/7
   974 | D:1      | Learned a level 3 spell: Stone Arrow
  1414 | D:2      | Noticed Sigmund
  1414 | D:2      | Noticed Terence
  1510 | D:2      | Killed Terence
  1629 | D:2      | Killed Sigmund
  1629 | D:2      | Reached skill level 5 in Earth Magic
  1629 | D:2      | Reached XP level 4. HP: 14/24 MP: 3/10
  1629 | D:2      | Reached XP level 5. HP: 17/28 MP: 3/11
  1855 | D:2      | Learned a level 5 spell: Lee's Rapid Deconstruction
  1925 | D:2      | Found a hide-covered altar of Uskayaw.
  1926 | D:2      | Noticed a hand axe
  1927 | D:2      | Noticed a hand axe
  2079 | D:2      | Reached XP level 6. HP: 32/32 MP: 9/12
  2201 | D:2      | Found a white marble altar of Elyvilon.
  2477 | D:2      | Found a basalt altar of Yredelemnul.
  3423 | D:3      | Found a faded altar of an unknown god.
  3471 | D:3      | Reached skill level 5 in Spellcasting
  3686 | D:3      | Reached XP level 7. HP: 33/36 MP: 14/14
  4037 | D:3      | Learned a level 5 spell: Bolt of Magma
  4237 | D:4      | Found Xiod's Armour Shoppe.
  4290 | D:4      | Noticed Duvessa
  4291 | D:4      | Noticed Dowan
  4313 | D:4      | Slain by Duvessa

Vault maps used:
D:1:      evilmike_arrival_plus, grunt_decor_mini_mirrors
D:2:      nicolae_overflow_hidden_temple, marbit_many_paths,
          dancing_weapons_uskayaw, uniq_sigmund, uniq_terence
D:3:      ecumenical_altar_2, kennysheep_nub
D:4:      serial_shops, nicolae_shop_statue_plus, kennysheep_generic_room_15,
          uniq_duvessa

Skill      XL: |  1  2  3  4  5  6 |
---------------+-------------------+-----
Earth Magic    | 4 5 |  5.7
Spellcasting   | 4 5 |  5.1
Conjurations   | 2 3 |  3.2
Dodging        | |  1.5
Stealth        | |  2.1
Transmutations | |  0.7

Action                   |  1- 3 |  4- 6 |  7- 9 || total
-------------------------+-------+-------+-------++-------
Melee: Mace              |    30 |       |       ||    30
       Falchion          |       |    63 |    34 ||    97
 Cast: Sandblast         |    30 |    62 |       ||    92
       Stone Arrow       |       |     4 |     5 ||     9
  Use: Scroll            |     4 |     3 |     1 ||     8
       Potion            |     1 |       |     2 ||     3
 Stab: Sleeping          |       |       |     1 ||     1
  Eat: Chunk             |     3 |     6 |     2 ||    11
Armor: Robe              |    14 |    28 |     4 ||    46
Dodge: Dodged            |    33 |    67 |    22 ||   122
